 Dungeon Crawl Stone Soup version 0.29.1-2-gbd0b4ee654 (webtiles) character file.

Game seed: 17447386352736741258

42 styxcanada the Sneak (level 3, -2/18 HPs)
             Began as a Spriggan Brigand on Nov 15, 2022.
             Slain by a hobgoblin (3 damage)
             ... on level 2 of the Dungeon.
             The game lasted 00:03:13 (1146 turns).

styxcanada the Sneak (Spriggan Brigand)             Turns: 1146, Time: 00:03:14

Health: -2/18      AC:  3    Str:  5 (7)  XL:     3   Next: 35%
Magic:  4/4        EV: 17    Int: 11 (12) God:
Gold:   64         SH:  0    Dex: 15 (18) Spells: 2/2 levels left

rFire   . . .      SeeInvis +   j - +1 short sword (freeze)
rCold   . . .      Faith    .   (no shield)
rNeg    . . .      Spirit   .   b - +0 robe
rPois   .          Reflect  .   (helmet restricted)
rElec   .          Harm     .   c - +0 cloak
rCorr   .          Rampage  .   (gloves unavailable)
Will    .....                   (boots unavailable)
Stlth   ++++......              (no amulet)
HPRegen 0.06/turn               (no ring)
MPRegen 0.09/turn               (no ring)

@: lethally poisoned (-2 -> -5), very quick
A: very small, no large weapons, unfitting armour, see invisible, speed 3
a: no special abilities


You were on level 2 of the Dungeon.
You visited 1 branch of the dungeon, and saw 2 of its levels.

You collected 64 gold pieces.

Inventory:

Hand Weapons
 a - a +2 dagger
 j - a +1 short sword of freezing (weapon)
Missiles
 d - 7 poisoned darts (quivered)
 e - 3 curare-tipped darts
 f - 17 stones
Armour
 b - a +0 robe (worn)
 c - a +0 cloak (worn)
Scrolls
 h - a scroll of identify {unknown}
 i - a scroll of teleportation {unknown}


   Skills:
 * Level 1.8 Fighting
 + Level 2.3 Short Blades
 + Level 2.0 Throwing
 * Level 2.3 Dodging
 * Level 7.1 Stealth


You had 2 spell levels left.
You didn't know any spells.
Your spell library was empty.

Dungeon Overview and Level Annotations

Branches:
Dungeon (2/15)

Altars:


Innate Abilities, Weirdness & Mutations

You are very small and have problems with some larger weapons.
You are too small for most types of armour.
You have supernaturally acute eyesight. (SInv)
You cover ground extremely quickly. (Speed+++)


Message History

Found a crooked jewelled staff and a metallic emerald potion.
Throw: 8 darts (poison)
Press: ? - help, Q - select action, (/) - cycle Shift-Dir - straight line, f - adder
Aim: an adder (44% to hit)
You throw a poisoned dart.
The poisoned dart closely misses the adder.
You hit the adder but do no damage. The adder completely misses you.
The adder misses you.
You barely miss the adder. The adder completely misses you.
You hit the adder.
The adder seems to slow down.
You freeze the adder.
The adder is heavily wounded.
The adder bites you.
You are poisoned.
The adder poisons you!
You closely miss the adder.
The adder is heavily wounded.
You feel sick. The adder bites you.
You are more poisoned.
The adder poisons you!
You miss the adder.
The adder is heavily wounded.
You feel sick. The adder bites you.
You barely miss the adder.
The adder is heavily wounded.
You feel sick.
The adder is no longer moving slowly.
The adder bites you.
* * * LOW HITPOINT WARNING * * *
You hit the adder. You freeze the adder.
You kill the adder!
* * * LOW HITPOINT WARNING * * *
You feel sick.
It was a potion of degeneration.
There was something very wrong with that liquid.
You feel weakened.
You feel dopey.
You feel clumsy.
* * * LOW HITPOINT WARNING * * *
You feel sick. The hobgoblin barely misses you.
You hit the hobgoblin. You freeze the hobgoblin.
The hobgoblin is heavily wounded.
* * * LOW HITPOINT WARNING * * *
You feel sick. The hobgoblin hits you.
You die...

.... ##.#. ....
###!.#. #..
......# #.. #
#....#.#.#.#
#....#.#.#.#
#....#..<#.###
#....###.....#
#....@gw....(#
#....###?....#
#.... #.....#
....... .w....#
....|.. .g.....#
...............#
..###+####.....#
.. #.....#
#.?...#


You could see a worm and a hobgoblin.

Vanquished Creatures
  An adder (D:2)
  4 bats (D:1)
  2 endoplasms (D:1)
  2 giant cockroaches (D:1)
  3 goblins (D:1)
  4 hobgoblins (D:1)
  A quokka (D:1)
  4 ball pythons (D:1)
  2 frilled lizards (D:1)
  3 kobolds (D:1)
  6 rats (D:1)
32 creatures vanquished.

Notes
Turn   | Place    | Note
-------+----------+-------------------------------------------
     0 | D:1      | styxcanada the Spriggan Brigand began the quest for the
                  | Orb.
     0 | D:1      | Reached XP level 1. HP: 10/10 MP: 2/2
   190 | D:1      | Reached skill level 6 in Stealth
   333 | D:1      | Reached XP level 2. HP: 14/14 MP: 3/3
   742 | D:1      | Reached XP level 3. HP: 18/18 MP: 4/4
   995 | D:1      | Reached skill level 7 in Stealth
  1146 | D:2      | Slain by a hobgoblin

Illustrated notes

Levels and vault maps discovered:
D:1:      amcnicky_arrival_single_pillar, layout_basic,
          chequers_serial_rivers_room_b
D:2:      layout_basic, dreamdust_ecumenical_altar_angels_and_demons,
          basic_altar, minmay_misc_feat_columns, uniq_jessica, uniq_natasha,
          uniq_terence

Skill      XL: |  1  2  3 |
---------------+----------+-----
Stealth        | 6 7 |  7.1
Dodging        | 2 |  2.3
Fighting       | |  1.8
Short Blades   | |  2.3
Throwing       | |  2.0

Action                   || total
-------------------------++-------
Melee: Dagger            ||    52
       Short sword       ||     8
Throw: Dart              ||     6
  Use: Potion            ||     1
 Stab: Sleeping          ||    13
Armor: Robe              ||     5
Dodge: Dodged            ||    32
